 Dungeon Crawl Stone Soup version 0.32-a0-834-geaf45d8e21 (webtiles) character file.

Game seed: 415787352119358492

10749 pascalblue the Zephyrmancer (level 11, -5/54 HPs)
             Began as a Deep Elf Air Elementalist on Mar 25, 2024.
             Was a Priest of Sif Muna.
             Succumbed to a kobold brigand's curare-tipped dart
             ... on level 10 of the Dungeon.
             The game lasted 00:56:44 (14003 turns).

pascalblue the Zephyrmancer (DEAE)                 Turns: 14003, Time: 00:56:45

Health: -5/54      AC: 11    Str:  5    XL:     11   Next: 40%
Magic:  15/27      EV: 12    Int: 31    God:    Sif Muna [***...]
Gold:   479        SH:  0    Dex: 15    Spells: 8/31 levels left

rFire   . . .        v - +5 dagger (spect)
rCold   . . .        (no shield)
rNeg    . . .        n - +1 animal skin
rPois   .            e - +2 helmet
rElec   .            p - +0 cloak
rCorr   .            x - +0 pair of gloves
SInv    .            i - +2 pair of boots
Will    ++...        (no amulet)
Stlth   ++           J - ring of willpower
HPRegen 0.29/turn    o - +6 ring of intelligence
MPRegen 0.20/turn

%: no passive effects
@: lethally poisoned (-5 -> -25), slowed, invisible, very slow
A: no striking features
a: Renounce Religion, Channel Magic, Forget Spell


You were on level 10 of the Dungeon.
You worshipped Sif Muna.
Sif Muna was most pleased with you.
You visited 2 branches of the dungeon, and saw 11 of its levels.
You also visited: Sewer.

You collected 479 gold pieces.

Inventory:

Hand Weapons
 m - a +2 falchion of holy wrath
 v - a +5 spectral dagger (weapon)
Missiles
 q - 3 throwing nets
 y - 73 poisoned darts
Armour
 e - a +2 helmet (worn)
 i - a +2 pair of boots (worn)
 n - a +1 animal skin (worn)
 p - a +0 cloak (worn)
 x - a +0 pair of gloves (worn)
Jewellery
 a - a ring of positive energy
 g - a ring of protection from cold
 o - a +6 ring of intelligence (right hand)
 r - a +5 ring of evasion
 J - a ring of willpower (left hand)
Wands
 F - a wand of acid (12)
 G - a wand of flame (9)
 H - a wand of mindburst (18)
 L - a wand of polymorph (4)
 N - a wand of warping (7)
Scrolls
 c - a scroll of identify
 u - 3 scrolls of teleportation
 I - a scroll of silence
 M - a scroll of immolation
Potions
 b - a potion of magic
 d - 2 potions of ambrosia
 f - 4 potions of brilliance
 h - a potion of degeneration
 j - 2 potions of attraction
 k - 5 potions of lignification
 s - 2 potions of mutation
 t - a potion of might
 B - 2 potions of resistance
 D - a potion of haste {unknown}
 K - 2 potions of enlightenment


   Skills:
 - Level 3.0 Dodging
 - Level 2.4 Stealth
 + Level 10.5 Spellcasting
 * Level 11.7 Conjurations
 - Level 4.0 Translocations
 * Level 12.5 Air Magic
 - Level 4.0 Alchemy


You had 8 spell levels left.
You knew the following spells:

 Your Spells              Type           Power      Damage    Failure   Level
a - Shock                 Conj/Air       100%       1d9       1%          1
b - Static Discharge      Conj/Air       100%       3-8/arc   1%          2
c - Swiftness             Air            76%        N/A       1%          3
d - Airstrike             Air            38%        2d(6-22)  1%          4
e - Teleport Other        Tloc           41%        N/A       1%          3
f - Conjure Ball Lightni  Conj/Air       37%        3x3d12    3%          6
g - Sting                 Conj/Alch      100%       1d9       1%          1
h - Gell's Gravitas       Tloc           41%        N/A       1%          3

Your spell library contained the following spells:

 Spells                   Type           Power      Damage    Failure   Level
 Apportation              Tloc           82%        N/A       1%          1
 Kiss of Death            Conj/Necr      100%       2d13      1%          1
 Lesser Beckoning         Tloc           82%        N/A       1%          2
 Necrotise                Necr           64%        1d7       3%          1
 Slow                     Hex            64%        N/A       3%          1
 Summon Small Mammal      Summ           64%        N/A       3%          1
 Ensorcelled Hibernation  Hex/Ice        32%        N/A       4%          2
 Confusing Touch          Hex            16%        N/A       10%         3
 Passwall                 Erth           16%        N/A       10%         3
 Vampiric Draining        Necr           16%        2d7       10%         3
 Dispel Undead            Necr           16%        3d10      30%         4
 Haunt                    Necr/Summ      8%         N/A       100%        7
 Borgnjor's Revivificati  Necr           8%         N/A       100%        8
 Discord                  Hex            8%         N/A       100%        8
 Disjunction              Tloc           20%        N/A       100%        8
 Death's Door             Necr           8%         N/A       100%        9


Dungeon Overview and Level Annotations

Branches:
Dungeon (10/15)            Temple (1/1) D:6            Lair (0/5) D:10
  Sewer (visited)
    Orc: D:9-12

Altars:
Ashenzari
Cheibriados
Dithmenos
Elyvilon
Fedhas
Gozag
Hepliaklqana
Kikubaaqudgha
Makhleb
Nemelex Xobeh
Okawaru
Qazlal
Ru
Sif Muna
Trog
Uskayaw
Vehumet
Wu Jian
Xom
Yredelemnul
Zin
The Shining One


Message History

You feel sick.
You are no longer poisoned.
As you read the scroll of teleportation, it crumbles to dust.
You feel strangely unstable.
The gnoll sergeant hits you but does no damage.
The gnoll attacks as it pursues you! The gnoll closely misses you.
A kobold comes into view. It is wielding a +0 whip.
Your surroundings suddenly seem different.
You start resting.
A kobold brigand is nearby!
Casting: Static Discharge (safe; 1% risk of failure)
Confirm with . or Enter, or press ? or * to list all spells.
Aiming: Shock (safe; 1% risk of failure)
Press: ? - help, Shift-Dir - straight line, f - kobold brigand
Aim: a kobold brigand, wielding a +0 short sword and quivering curare-tipped darts (wandering, hasn't noticed you, 67% to hit)
The zap hits the kobold brigand!
The kobold brigand is moderately wounded.
The kobold brigand shouts!
You hear a shout!
The kobold brigand throws a curare-tipped dart.
The curare-tipped dart hits you.
You are poisoned.
You have difficulty breathing.
You feel yourself slow down.
Okay, then.
Casting: Shock (safe; 1% risk of failure)
Confirm with . or Enter, or press ? or * to list all spells.
You create some ball lightning! 3 ball lightnings come into view.
* * * LOW HITPOINT WARNING * * *
You feel extremely sick.
* * * LOW HITPOINT WARNING * * *
You feel very sick.
The kobold brigand throws a curare-tipped dart.
The curare-tipped dart hits you.
You are lethally poisoned!
You have difficulty breathing.
* * * LOW HITPOINT WARNING * * *
You feel as though you will be slow longer.
It was a potion of invisibility.
You fade into invisibility!
You die...

#..###.# #......# #......#
########## #......#
#........#
#......########........#
###...[.........§§§§*....#
..................§*.....#
†.†................§......
................@.§.*.K...
#................§........
#.........................
#.....#..........^........
..........................
#########################.


You could see a kobold brigand (unable to see you, ally target) and 3 friendly
ball lightnings.

Vanquished Creatures
  Gastronok (D:9)
  Pikel (D:5)
  Grinder (D:5)
  A wyvern (D:8)
  Sigmund (D:2)
  17 yaks
  2 steam dragons
  A water moccasin (D:8)
  Pargi (D:4)
  5 orc warriors
  2 sky beasts (D:7)
  3 elephant zombies (D:7)
  2 black bears
  An ice beast (D:8)
  An ogre (D:7)
  6 centaurs
  A phantom (D:4)
  3 lemures (D:5)
  9 kobold brigands
  2 bullfrogs
  4 scorpions
  9 wights
  8 killer bees (D:10)
  A bombardier beetle (D:6)
  7 howler monkeys
  2 centaur zombies (D:7)
  A human zombie (D:7)
  6 gnoll boudas
  5 hounds
  10 orc priests
  2 jellies
  Ijyb (D:5)
  3 iguanas
  A sleepcap (D:7)
  2 scorpion zombies (D:7)
  6 orc wizards
  3 hound zombies (D:7)
  Robin (D:2)
  2 howler monkey zombies (D:7)
  17 gnolls
  22 adders
  3 river rats (Sewer)
  3 shadow imps
  A white imp (D:8)
  2 adder zombies (D:7)
  4 ribbon worms
  A dart slug (D:2)
  31 orcs
  3 bats
  15 endoplasms
  7 giant cockroaches
  23 goblins
  8 hobgoblins
  6 quokkas
  16 ball pythons
  6 frilled lizards
  43 kobolds
  24 rats
370 creatures vanquished.

Vanquished Creatures (others)
  A howler monkey (D:9)
  26 ball lightnings
27 creatures vanquished.

Grand Total: 397 creatures vanquished

Notes
Turn   | Place    | Note
-------+----------+-------------------------------------------
     0 | D:1      | pascalblue the Deep Elf Air Elementalist began the quest
                  | for the Orb.
     0 | D:1      | Reached XP level 1. HP: 10/10 MP: 6/6
   260 | D:1      | Reached XP level 2. HP: 15/15 MP: 6/8
   723 | D:2      | Reached XP level 3. HP: 7/19 MP: 1/10
   799 | D:2      | Learned a level 2 spell: Static Discharge
   803 | D:2      | Learned a level 3 spell: Swiftness
   851 | D:2      | Reached skill level 4 in Air Magic
   855 | D:2      | Noticed Robin
   988 | D:2      | Noticed Sigmund
  1035 | D:2      | Killed Sigmund
  1036 | D:2      | Reached skill level 5 in Air Magic
  1036 | D:2      | Reached XP level 4. HP: 18/24 MP: 2/12
  1036 | D:2      | Reached XP level 5. HP: 21/28 MP: 2/13
  1360 | D:2      | Killed Robin
  1633 | D:2      | Found a glowing golden altar of the Shining One.
  1840 | D:2      | Reached XP level 6. HP: 32/32 MP: 8/15
  2097 | D:2      | Learned a level 4 spell: Airstrike
  2381 | D:3      | Reached skill level 5 in Spellcasting
  2492 | D:3      | Found a shimmering altar of Xom.
  2744 | D:3      | Reached skill level 6 in Air Magic
  3203 | D:3      | Learned a level 3 spell: Teleport Other
  3232 | D:4      | Noticed Pargi
  3278 | D:4      | Killed Pargi
  3279 | D:4      | Reached XP level 7. HP: 33/36 MP: 7/17
  3395 | D:4      | Reached skill level 1 in Translocations
  3676 | D:4      | Found a glowing drain.
  3680 | Sewer    | Entered a sewer
  3774 | Sewer    | Reached skill level 5 in Conjurations
  4098 | Sewer    | Reached skill level 7 in Air Magic
  4590 | D:4      | Reached XP level 8. HP: 40/41 MP: 12/19
  4637 | D:4      | Found an ancient bone altar of Kikubaaqudgha.
  4638 | D:4      | Found an opulent altar of Gozag.
  5493 | D:5      | Entered Level 5 of the Dungeon
  5500 | D:5      | Noticed Pikel
  5703 | D:5      | Noticed Grinder
  5704 | D:5      | Paralysed by Grinder for 5 turns
  5715 | D:5      | Paralysed by Grinder for 4 turns
  5854 | D:5      | Killed Grinder
  5855 | D:5      | Reached skill level 8 in Air Magic
  6064 | D:5      | Killed Pikel
  6065 | D:5      | Reached XP level 9. HP: 40/45 MP: 10/21
  6383 | D:5      | Learned a level 6 spell: Conjure Ball Lightning
  6391 | D:5      | Reached skill level 9 in Air Magic
  6495 | D:5      | Noticed Ijyb
  6500 | D:5      | Killed Ijyb
  6722 | D:6      | Found a staircase to the Ecumenical Temple.
  6762 | Temple   | Entered the Ecumenical Temple
  6769 | Temple   | Became a worshipper of Sif Muna the Loreminder
  7879 | D:7      | Learned a level 1 spell: Sting
  7938 | D:7      | Reached skill level 1 in Alchemy
  8238 | D:7      | Reached skill level 10 in Air Magic
  8347 | D:7      | Found the +5 Storm Queen's Shield {shock, Fly rElec}
  8482 | D:7      | Reached * piety under Sif Muna
  9118 | D:7      | Found an ancient bone altar of Kikubaaqudgha.
  9259 | D:7      | Reached XP level 10. HP: 47/50 MP: 19/24
 10297 | D:8      | Reached ** piety under Sif Muna
 11141 | D:9      | Noticed Gastronok
 11144 | D:9      | Reached skill level 10 in Conjurations
 11144 | D:9      | Reached skill level 11 in Air Magic
 11830 | D:9      | Killed Gastronok
 11831 | D:9      | Reached XP level 11. HP: 54/54 MP: 5/26
 12009 | D:9      | Reached skill level 10 in Spellcasting
 12324 | D:9      | Reached skill level 12 in Air Magic
 12683 | D:9      | Reached *** piety under Sif Muna
 13210 | D:9      | Learned a level 3 spell: Gell's Gravitas
 13239 | D:10     | Entered Level 10 of the Dungeon
 13914 | D:10     | Found a staircase to the Lair.
 14002 | D:10     | HP: 2/54 [asphyx]
 14003 | D:10     | Succumbed to a kobold brigand's curare-tipped dart

Illustrated notes

Levels and vault maps discovered:
D:1:      lemuel_arrival_hallway, layout_rooms
D:2:      layout_basic, basic_altar, minmay_pentomino_z4, uniq_sigmund,
          uniq_robin
D:3:      layout_loops_corners, xom_butterflies
D:4:      cheibrodos_barr_body, layout_layer_cave,
          gammafunk_temple_overflow_pools, gup_sewer_entry_spiral, uniq_pargi
D:5:      layout_basic, uniq_grinder, uniq_pikel, uniq_ijyb
D:6:      layout_loops_ring, minmay_temple_entry_junction
D:7:      kennysheep_seaside_town, layout_cave_pools,
          roadster_capsule_ark_zombie
D:8:      layout_basic
D:9:      layout_rooms, interstate_on_off, uniq_gastronok
D:10:     minmay_general_purpose_star, layout_stronghold, lair_entry_dummy,
          serial_column_ruins, column_ruins_columns_corner, column_ruins_grid_1,
          column_ruins_grid_1, column_ruins_columns_water,
          column_ruins_open_small
Temple:   hellmonk_temple_of_storms

Skill      XL: |  1  2  3  4  5  6  7  8  9 10 11 |
---------------+----------------------------------+-----
Air Magic      | 5 6 7 8 10 11 12 | 12.5
Dodging        | 3 |  3.0
Conjurations   | 3 4 5 7 9 10 11 | 11.7
Spellcasting   | 4 5 6 7 8 9 10 | 10.5
Translocations | 2 3 4 |  4.0
Alchemy        | 2 4 |  4.0
Stealth        | |  2.4

Action                     |  1- 3 |  4- 6 |  7- 9 | 10-12 || total
---------------------------+-------+-------+-------+-------++-------
  Melee: Unarmed           |     1 |       |       |       ||     1
         Dagger            |     3 |       |    11 |    37 ||    51
         Falchion          |       |       |     2 |       ||     2
   Cast: Shock             |    72 |    83 |   252 |   150 ||   557
         Static Discharge  |       |    15 |   126 |    98 ||   239
         Swiftness         |       |       |     1 |     1 ||     2
         Airstrike         |       |       |     1 |       ||     1
         Sting             |       |       |     8 |       ||     8
         Conjure Ball Ligh |       |       |       |    12 ||    12
    Use: Scroll            |       |     7 |    15 |     7 ||    29
         Potion            |       |       |     1 |     3 ||     4
   Stab: Distracted        |       |       |       |     1 ||     1
         Sleeping          |       |       |       |     1 ||     1
 Armour: Robe              |    10 |    11 |       |       ||    21
         Animal skin       |       |    20 |   229 |   200 ||   449
  Dodge: Dodged            |    10 |     7 |    96 |   117 ||   230

Table legend: (Time is in decaauts)
 A = Elapsed time spent in this place.
 B = Non-inter-level travel time spent in this place.
 C = Inter-level travel time spent in this place.
 D = Time resting spent in this place.
 E = Time spent auto-exploring this place.
 F = Levels seen in this place.
 G = Mean time per level.
                   A        B        C        D        E       F      G
               +--------+--------+--------+--------+--------+-----+--------+
         Total |  14080 |  13820 |    260 |   2556 |   8675 |  12 | 1173.3 |
       Dungeon |  13218 |  12958 |    260 |   2435 |   8161 |  10 | 1321.8 |
        Temple |     14 |     14 |      0 |      0 |      0 |   1 |   14.0 |
         Sewer |    846 |    846 |      0 |    121 |    514 |   1 |  846.0 |
               +--------+--------+--------+--------+--------+-----+--------+

Top non-repeatable levels by time:
     D:8: 2117 daAuts
     D:7: 1924 daAuts
     D:4: 1622 daAuts
     D:6: 1421 daAuts
     D:2: 1193 daAuts
     D:9: 1168 daAuts
     D:3: 1165 daAuts
     D:5: 1022 daAuts
     D:1: 913 daAuts
   Sewer: 846 daAuts
    D:10: 669 daAuts
  Temple: 14 daAuts
